 Dungeon Crawl Stone Soup version 0.28-a0-863-g8cecda6153 (webtiles) character file.

Game seed: 18385513740886700465

136 siradein the Chucker (level 4, -1/42 HPs)
             Began as a Troll Hunter on Nov 16, 2021.
             Succumbed to an orc wizard's poison
             ... on level 1 of the Dungeon.
             The game lasted 00:05:04 (1849 turns).

siradein the Chucker (Troll Hunter)                 Turns: 1849, Time: 00:05:05

Health: -1/42      AC:  4    Str: 20    XL:     4   Next: 98%
Magic:  3/3        EV: 10    Int:  7    God:
Gold:   85         SH:  0    Dex: 11    Spells: 3/3 levels left

rFire   . . .      SeeInvis .     - Unarmed
rCold   . . .      Faith    .   (no shield)
rNeg    . . .      Spirit   .   b - +0 robe
rPois   .          Reflect  .   (helmet restricted)
rElec   .          Harm     .   (no cloak)
rCorr   .          Rampage  .   (gloves unavailable)
Will    .....                   (boots unavailable)
Stlth   +.........              (no amulet)
HPRegen 1.14/turn               (no ring)
MPRegen 0.08/turn               (no ring)

@: lethally poisoned (-1 -> -18)
A: large, unfitting armour, claws 3, regeneration 1, shaggy fur 1, tough skin 1
a: no special abilities


You were on level 1 of the Dungeon.
You visited 1 branch of the dungeon, and saw 2 of its levels.

You collected 85 gold pieces.

Inventory:

Missiles
 c - 5 large rocks (quivered)
 d - 2 throwing nets
Armour
 b - a +0 robe (worn)
Scrolls
 e - a scroll of noise {unknown}
 g - a scroll of amnesia {unknown}
 l - a scroll of identify {unknown}
 m - a scroll of torment {unknown}
Potions
 a - a potion of ambrosia {unknown}
 f - a potion of heal wounds {unknown}
 h - a potion of might {unknown}
 i - a potion of invisibility {unknown}
 j - a potion of mutation {unknown}
 k - a potion of attraction {unknown}


   Skills:
 + Level 2.2 Fighting
 + Level 4.0 Throwing
 + Level 1.3 Armour
 + Level 2.3 Dodging
 + Level 1.1 Stealth
 + Level 1.5 Unarmed Combat


You had 3 spell levels left.
You didn't know any spells.
Your spell library contained the following spells:

 Spells                   Type           Power      Damage    Failure   Level
 Sandblast                Erth           0%         2d4       43%         1
 Passwall                 Tmut/Erth      0%         N/A       56%         2
 Stone Arrow              Conj/Erth      0%         3d7       80%         3


Dungeon Overview and Level Annotations

Branches:
Dungeon (2/15)

Altars:
Qazlal


Innate Abilities, Weirdness & Mutations

You are too large for most types of armour.
You have claws for hands.
Your natural rate of healing is unusually fast.
You are covered in fur. (AC +1)
You have tough skin. (AC +1)


Message History

You claw the orc wizard!
The orc wizard is almost dead.
You feel very sick.
The orc wizard gestures wildly while chanting.
The orc wizard flickers and vanishes!
Deactivating autopickup; reactivate with Ctrl-A.
No target in view!
No target in view!
No target in view!
No target in view!
No target in view!
You feel very sick.
You hear some strange, mumbled words.
A puff of flame appears from out of thin air!
The puff of flame misses you.
You feel sick. Something hits you.
You are more poisoned.
You feel very sick. Something hits you but does no damage.
You are more poisoned.
You barely miss something.
You feel very sick. Something hits you but does no damage.
You are more poisoned.
You miss something.
You feel very sick. Something hits you but does no damage.
You are lethally poisoned!
You closely miss something.
* * * LOW HITPOINT WARNING * * *
You feel very sick. Something completely misses you.
You barely miss something.
* * * LOW HITPOINT WARNING * * *
You feel very sick. Something hits you.
* * * LOW HITPOINT WARNING * * *
You are more poisoned.
You barely miss something.
You die...

...........# #.#
#.#.#.#.#.## #.#
....o......# #.#
#.#.#.#.#>## #.#
...........# #.#
#.#.#.#.#.## #.#
...........# #.#
#.#.#.#.#.######.#
#.#............{@#
..##.#############
####.# ####.#
.....# ######


There were no monsters in sight!

Vanquished Creatures
  An orc priest (D:2)
  Terence (D:2)
  An adder (D:2)
  2 dart slugs
  2 orcs (D:2)
  7 bats
  6 endoplasms
  2 giant cockroaches
  A goblin (D:1)
  4 hobgoblins
  2 quokkas (D:1)
  6 ball pythons
  3 frilled lizards (D:1)
  5 kobolds
  5 rats
48 creatures vanquished.

Vanquished Creatures (others)
  An orc wizard (D:2)
  4 plants (D:2)
5 creatures vanquished.

Grand Total: 53 creatures vanquished

Notes
Turn   | Place    | Note
-------+----------+-------------------------------------------
     0 | D:1      | siradein the Troll Hunter began the quest for the Orb.
     0 | D:1      | Reached XP level 1. HP: 19/19 MP: 0/0
   171 | D:1      | Reached XP level 2. HP: 28/28 MP: 1/1
   501 | D:1      | Reached XP level 3. HP: 35/35 MP: 2/2
  1067 | D:2      | Noticed Terence
  1104 | D:2      | Killed Terence
  1105 | D:2      | Reached skill level 1 in Armour
  1105 | D:2      | Reached skill level 1 in Unarmed Combat
  1153 | D:2      | Reached XP level 4. HP: 42/42 MP: 3/3
  1269 | D:2      | Found a stormy altar of Qazlal.
  1535 | D:2      | Reached skill level 1 in Stealth
  1754 | D:1      | HP: 2/42 [poisoned by an orc wizard]
  1759 | D:1      | HP: 1/42 [poisoned by an orc wizard]
  1811 | D:2      | Reached skill level 4 in Throwing
  1849 | D:1      | Succumbed to an orc wizard's poison

Illustrated notes

Levels and vault maps discovered:
D:1:      elethiomel_arrival_quiet, layout_loops_ring, st_stairs_11,
          serial_park_tiny_pond
D:2:      layout_loops_corners, serial_forest, infiniplex_forest_lined_2,
          infiniplex_forest_lined_1, infiniplex_forest_lined_3,
          infiniplex_forest_straight_3, infiniplex_forest_clump_curved,
          infiniplex_forest_lined_3, infiniplex_forest_clump_double,
          infiniplex_forest_corner_1, infiniplex_forest_lined_room_2,
          basic_altar, uniq_terence

Skill      XL: |  1  2  3  4 |
---------------+-------------+-----
Fighting       | 2 |  2.2
Armour         | 1 |  1.3
Dodging        | 2 |  2.3
Unarmed Combat | 1 |  1.5
Stealth        | 1 |  1.1
Throwing       | 4 |  4.0

Action                   |  1- 3 |  4- 6 || total
-------------------------+-------+-------++-------
Melee: Unarmed           |   132 |    48 ||   180
       Punch             |     1 |       ||     1
 Stab: Sleeping          |     1 |     1 ||     2
Armor: Robe              |    51 |    14 ||    65
Dodge: Dodged            |    76 |    24 ||   100

Table legend: (Time is in decaauts)
 A = Elapsed time spent in this place.
 B = Non-inter-level travel time spent in this place.
 C = Inter-level travel time spent in this place.
 D = Time resting spent in this place.
 E = Time spent auto-exploring this place.
 F = Levels seen in this place.
 G = Mean time per level.
                   A        B        C        D        E       F      G
               +--------+--------+--------+--------+--------+-----+--------+
         Total |   1849 |   1835 |     14 |    111 |   1222 |   2 |  924.5 |
       Dungeon |   1849 |   1835 |     14 |    111 |   1222 |   2 |  924.5 |
               +--------+--------+--------+--------+--------+-----+--------+

Top non-repeatable levels by time:
     D:1: 944 daAuts
     D:2: 905 daAuts
